Map: Ночной сумрак РВ

Players

Kantara

  • Race: Terran Terran
  • Spawn Location: 5:00

Funabashi - Winner!

  • Race: Protoss Protoss
  • Spawn Location: 11:00

VOD

Have the link to the VOD?

Description

Time

  • Played on: April 15, 2020, 4:27 p.m.
  • Length: 13:48
Show
View Real Time Build Order
Export as new Build Order

Kantara Terran 

Build Orders:  

Get SALT Encoding   

  12  0:14  Supply Depot  
  12  0:16  SCV  
  13  0:28  SCV  
  14  0:40  Barracks  
  14  0:43  SCV  
  14  0:49  Supply Depot  
  15  0:55  SCV  
  16  1:07  SCV  
  17  1:11  Barracks  
  17  1:22  SCV, Refinery  
  18  1:41  Supply Depot  
  18  1:51  SCV  
  19  2:00  Marine  
  20  2:01  Marine  
  20  2:03  SCV  
  22  2:20  Command Center  
  22  2:25  Barracks Reactor  
  22  2:26  Barracks Reactor  
  22  2:32  Supply Depot  
  22  2:35  Orbital Command  
  22  2:52  Refinery  
  22  3:05  Factory  
  22  3:09  Marine x4  
  26  3:26  Marine  
  27  3:34  SCV  
  28  3:46  SCV  
  29  3:50  Factory  
  29  3:55  Factory Tech Lab  
  29  3:58  Marine x3  
  29  3:59  Marine  
  33  4:06  SCV  
  34  4:16  Marine x3  
  37  4:18  SCV  
  37  4:20  Orbital Command  
  38  4:30  SCV  
  39  4:31  Refinery  
  39  4:37  Factory Tech Lab  
  39  4:42  Supply Depot, SCV  
  40  4:57  SCV  
  41  5:01  Siege Tank  
  41  5:03  Siege Tank  
  47  5:10  SCV  
  47  5:11  Starport  
  48  5:14  SCV  
  49  5:31  Marine x3  
  49  5:32  Marine  
  49  5:33  Siege Tank  
  56  5:37  Siege Tank  
  59  5:49  Marine  
  60  5:56  Medivac  
  62  6:04  Supply Depot  
  62  6:06  SCV  
  63  6:18  SCV  
  64  6:27  Refinery  
  64  6:28  Medivac  
  64  6:30  SCV  
  67  6:36  Starport  
  67  6:42  Hellion, SCV  
  67  6:43  Hellion  
  67  6:45  Marine x4  
  76  6:54  SCV  
  77  7:03  Marine  
  78  7:15  Supply Depot  
  78  7:18  SCV, Marine x3  
  78  7:19  Hellion x2  
  86  7:25  Marine  
  87  7:30  SCV  
  87  7:36  Marine x2  
  90  7:38  Supply Depot  
  90  7:40  Hellion  
  90  7:42  SCV  
  93  7:48  Starport Tech Lab  
  93  7:49  Starport Tech Lab  
  93  7:55  SCV  
  94  8:01  Supply Depot  
  94  8:07  SCV  
  49  10:04  Fusion Core  
  42  10:29  Viking x2  
  43  10:41  Supply Depot  
  43  10:46  Armory  
  43  10:50  Fusion Core  
  43  10:51  Supply Depot  
  43  10:55  Weapon Refit  
  43  10:59  Viking x2  
  47  11:06  Supply Depot  
  47  11:15  Starport  
  47  11:24  Marine x4  
  51  11:29  Viking x2  
  51  11:30  Starport  
  55  11:42  Supply Depot, Terran Vehicle And Ship Armor Level 1, Marine x4  
  59  11:53  Starport Reactor  
  59  11:59  Viking x2  
  59  12:00  Marine x4  
  67  12:06  Starport, Supply Depot  
  67  12:17  Marine  
  67  12:18  Supply Depot  
  68  12:29  Viking x2  
  72  12:33  Viking x2  
  72  12:34  Viking  
  68  12:56  Command Center  
  54  12:59  Viking x2  
  54  13:02  Viking  
  54  13:03  Viking x2  
Show
View Real Time Build Order
Export as new Build Order

Funabashi Protoss - Winner!

Build Orders:  

Get SALT Encoding   

  12  0:01  Probe (Chrono Boost)  
  13  0:11  Probe (Chrono Boost)  
  14  0:16  Probe (Chrono Boost)  
  15  0:27  Pylon  
  15  0:36  Assimilator  
  15  0:45  Probe  
  15  0:49  Forge  
  16  0:57  Probe  
  16  0:58  Gateway  
  17  1:13  Assimilator  
  17  1:20  Probe (Chrono Boost)  
  18  1:30  Probe (Chrono Boost)  
  19  1:35  Probe (Chrono Boost)  
  20  1:47  Probe  
  21  1:52  Photon Cannon, Cybernetics Core  
  21  1:58  Pylon  
  21  1:59  Probe  
  22  2:03  Pylon  
  22  2:11  Probe  
  23  2:33  Stargate  
  23  2:50  Pylon  
  23  2:56  Pylon  
  23  3:01  Stargate  
  23  3:09  Protoss Shields Level 1  
  23  3:16  Photon Cannon  
  23  3:19  Photon Cannon  
  23  3:22  Photon Cannon  
  23  3:36  Fleet Beacon  
  23  3:44  Pylon  
  23  3:51  Nexus  
  23  3:55  Assimilator  
  23  4:01  Assimilator  
  23  4:12  Void Ray  
  27  4:26  Photon Cannon  
  27  4:34  Photon Cannon  
  27  4:45  Robotics Facility  
  27  5:03  Probe (Chrono Boost)  
  28  5:13  Probe (Chrono Boost)  
  29  5:17  Void Ray  
  29  5:18  Probe (Chrono Boost)  
  34  5:29  Probe (Chrono Boost)  
  35  5:38  Probe (Chrono Boost)  
  36  5:44  Probe  
  37  5:51  Flux Vanes  
  37  5:54  Observer  
  37  5:56  Probe  
  39  6:02  Tempest  
  44  6:08  Probe  
  45  6:13  Stalker  
  45  6:14  Stargate  
  45  6:15  Observer  
  48  6:20  Probe  
  49  6:34  Pylon  
  49  6:38  Probe (Chrono Boost)  
  51  6:48  Probe (Chrono Boost)  
  51  6:49  Stargate  
  51  6:51  Stargate  
  51  6:53  Probe (Chrono Boost)  
  52  7:04  Probe, Stalker  
  55  7:16  Probe (Chrono Boost)  
  56  7:27  Probe (Chrono Boost)  
  57  7:32  Probe (Chrono Boost)  
  57  7:34  Stalker  
  60  7:43  Probe (Chrono Boost)  
  61  7:45  Protoss Air Weapons Level 1  
  61  7:55  Probe (Chrono Boost)  
  67  8:01  Probe (Chrono Boost)  
  67  8:04  Stalker  
  67  8:05  Tempest (Chrono Boost)  
  75  8:06  Tempest (Chrono Boost)  
  75  8:09  Probe  
  81  8:15  Tempest (Chrono Boost)  
  81  8:21  Probe  
  82  8:40  Tempest (Chrono Boost)  
  51  9:10  Void Ray (Chrono Boost)  
  63  9:31  Photon Cannon  
  63  9:33  Photon Cannon  
  63  9:38  Photon Cannon  
  63  9:44  Void Ray (Chrono Boost)  
  63  9:45  Pylon  
  58  9:53  Protoss Air Armor Level 1  
  54  10:15  Photon Cannon  
  54  10:17  Void Ray (Chrono Boost)  
  54  10:21  Pylon  
  54  10:24  Photon Cannon  
  54  10:34  Void Ray x2  
  54  10:35  Void Ray  
  66  10:41  Pylon  
  66  10:43  Pylon  
  66  10:45  Pylon  
  66  10:55  Pylon  
  66  10:57  Void Ray  
  70  11:17  Void Ray x3  
  82  11:25  Photon Cannon  
  82  11:43  Nexus  
  82  11:45  Pylon  
  81  11:48  Assimilator  
  81  11:56  Assimilator  
  81  12:13  Twilight Council  
  81  12:37  Void Ray x3  
Tags
 
Add a new tag
Caveats
  • Supply blocks, unpowered buildings, or Contaminate may cause inaccurate times.
  • Supply counts are checked every 10 seconds.